 Dungeon Crawl Stone Soup version 0.24.1-14-gf8d2b509d9 (webtiles) character file.

Game seed: 4623440088923592002, levelgen mode: deterministic

1895 Tenbo the Spear-Bearer (level 8, -2/71 HPs)
             Began as a Minotaur Fighter on May 24, 2020.
             Was an Initiate of Ru.
             Slain by a hellwing (8 damage)
             ... summoned by Xom
             ... on level 6 of the Dungeon.
             The game lasted 01:11:17 (6770 turns).

Tenbo the Spear-Bearer (Minotaur Fighter)           Turns: 6770, Time: 01:11:18

Health: -2/71      AC:  8    Str: 22    XL:     8   Next: 93%
Magic:  7/7        EV: 10    Int:  7    God:    Ru [......]
Gold:   110        SH: 11    Dex: 13    Spells: 7/7 levels left

rFire    . . .     SeeInvis .   a - +0 trident
rCold    . . .     Gourm    .   c - +0 shield
rNeg     . . .     Faith    .   b - +1 scale mail
rPois    .         Spirit   .   (helmet restricted)
rElec    .         Reflect  .   (no cloak)
rCorr    .         Harm     .   (no gloves)
MR       .....                  (no boots)
Stlth    ++........             (no amulet)
HPRegen  0.21/turn              (no ring)
MPRegen  0.10/turn              q - +1 ring of evasion

@: about to teleport
A: retaliatory headbutt, horns 2, thin skeletal structure 1, camouflage 1,
clever 1, wild magic 1, evolution 1
a: Renounce Religion


You were on level 6 of the Dungeon.
You worshipped Ru.
Ru was noncommittal.
You were not hungry.

You visited 2 branches of the dungeon, and saw 7 of its levels.

You collected 275 gold pieces.
You spent 165 gold pieces at shops.

Inventory:

Hand Weapons
 a - a +0 trident (weapon)
 m - a +3 dire flail
Armour
 b - a +1 scale mail (worn)
 c - a +0 shield (worn)
 k - a +0 chain mail
Jewellery
 p - an uncursed amulet of faith
 q - a +1 ring of evasion (right hand)
Scrolls
 g - a scroll of teleportation
 o - 3 scrolls of remove curse
Potions
 d - a potion of might
 e - a potion of haste {unknown}
 h - 4 potions of curing
 i - 2 potions of degeneration {unknown}
 j - a potion of magic {unknown}
 l - a potion of ambrosia {unknown}
 n - a potion of brilliance {unknown}
 r - a potion of flight {unknown}
Comestibles
 f - 4 rations


   Skills:
 + Level 6.4 Fighting
 * Level 3.3 Maces & Flails
 + Level 8.5 Polearms
 + Level 6.7 Armour
 + Level 2.8 Dodging
 + Level 0.9 Stealth
 + Level 6.9 Shields
 + Level 1.2 Unarmed Combat


You had 7 spell levels left.
You didn't know any spells.
Your spell library contained the following spells:

 Spells                   Type           Power        Failure   Level  Hunger
 Confusing Touch          Hex            #.....       98%         1    ##.....
 Confuse                  Hex            #.......     100%        3    ####...
 Gell's Gravitas          Tloc           #.........   100%        3    ####...
 Petrify                  Tmut/Erth      #.......     100%        4    #####..
 Metabolic Englaciation   Hex/Ice        #.........   100%        5    ######.
 Yara's Violent Unravell  Hex/Tmut       #.........   100%        5    ######.


Dungeon Overview and Level Annotations

Branches:
Dungeon (6/15)             Temple (1/1) D:5

Altars:
Ashenzari
Cheibriados
Dithmenos
Elyvilon
Fedhas
Gozag
Makhleb
Nemelex Xobeh
Okawaru
Qazlal
Ru
Sif Muna
Trog
Uskayaw
Vehumet
Wu Jian
Xom
Yredelemnul
Zin
The Shining One

Shops:
D:4 %   D:5 (


Innate Abilities, Weirdness & Mutations

You reflexively headbutt those who attack you in melee.
You have a pair of horns on your head.
You have a somewhat thin skeletal structure. (Dex +2, Stealth)
Your skin changes colour to match your surroundings (Stealth+).
Your mind is acute. (Int +2)
Your spells are a little harder to cast, but a little more powerful.
You evolve.


Message History

You block the ufetubus's attack.
You barely miss the ufetubus. Your headbutt misses the ufetubus.
The ufetubus hits you but does no damage. x2
The hellwing hits you.
* * * LOW HITPOINT WARNING * * *
The hellwing closely misses you. You block the hellwing's attack.
The hellwing hits you.
* * * LOW HITPOINT WARNING * * *
The shadow imp closely misses you.
There are no items here.
As you read the scroll of teleportation, it crumbles to dust.
You feel strangely unstable. The ufetubus closely misses you.
You furiously retaliate!
You headbutt the ufetubus.
The ufetubus hits you but does no damage.
The hellwing closely misses you. The hellwing hits you.
* * * LOW HITPOINT WARNING * * *
The hellwing hits you.
* * * LOW HITPOINT WARNING * * *
The hellwing hits you!
You die...

######### #.......# ####
#.#####.# ##...# #.# #.#
#.....#####.#####.######
#....55@455....##.#.....
.%....S54###.##.##)#.####
.#....##n# #.......#.#
...... #.# ####...##)####
..... #.# ##..##..##.
.##.# #.# #..##.###. #.
#.# #..#..##≈≈ . ..#
#.).#.##≈≈ #..##...≈≈


You could see 2 hellwings, a necrophage, an iron imp, a crimson imp, an adder, a
shadow imp and 2 ufetubi.

Vanquished Creatures
  Pikel (D:6)
  2 phantoms
  An ice beast (D:5)
  A sky beast (D:5)
  A bullfrog (D:6)
  9 wights (D:6)
  A crimson imp (D:5)
  2 jellies (D:2)
  3 hounds
  3 orc priests
  5 orc wizards
  3 worker ants
  A worker ant zombie (D:5)
  5 adders
  3 oozes
  An adder zombie (D:6)
  2 adder skeletons
  3 worms
  2 dart slugs
  3 leopard geckos
  24 orcs
  2 giant cockroaches (D:2)
  4 hobgoblins
  An iguana (D:2)
  19 jackals
  2 quokkas
  11 bats
  2 frilled lizards (D:2)
  4 goblins
  A jackal zombie (D:5)
  7 kobolds
  4 rats
133 creatures vanquished.

Vanquished Creatures (collateral kills)
  3 orcs (D:3)
3 creatures vanquished.

Vanquished Creatures (others)
  A slave (D:6)
  An orc priest (D:6)
  2 orc wizards (D:6)
  2 orcs (D:6)
6 creatures vanquished.

Grand Total: 142 creatures vanquished

Notes
Turn   | Place    | Note
-------+----------+-------------------------------------------
     0 | D:1      | Tenbo the Minotaur Fighter began the quest for the Orb.
     0 | D:1      | Reached XP level 1. HP: 19/19 MP: 0/0
   419 | D:1      | Reached XP level 2. HP: 26/27 MP: 1/1
   841 | D:2      | Found a blossoming altar of Fedhas.
   956 | D:2      | Found a shimmering altar of Xom.
  1022 | D:2      | Became a worshipper of Xom the Tricky
  1026 | D:2      | Reached skill level 3 in Polearms
  1026 | D:2      | Reached XP level 3. HP: 21/33 MP: 2/2
  1139 | D:2      | Reached XP level 4. HP: 30/40 MP: 3/3
  1447 | D:2      | Found a shattered altar of Ashenzari.
  1669 | D:2      | XOM: harmless Pois miscast
  1680 | D:2      | Reached skill level 4 in Polearms
  1824 | D:2      | XOM: 2-stop teleportation journey
  1907 | D:2      | Found a burning altar of Makhleb.
  2199 | D:2      | XOM: cloud trail
  2232 | D:3      | XOM: summons 4 friendly demons
  2233 | D:3      | Reached XP level 5. HP: 47/47 MP: 4/4
  2285 | D:3      | Reached skill level 1 in Unarmed Combat
  2625 | D:3      | XOM: fog
  2638 | D:3      | Reached skill level 1 in Dodging
  2912 | D:3      | Found a glowing golden altar of the Shining One.
  3364 | D:4      | Reached skill level 5 in Armour
  3367 | D:4      | Reached XP level 6. HP: 25/53 MP: 5/5
  3620 | D:4      | Found Jirheuf's Food Shoppe.
  3633 | D:4      | Bought a ration for 55 gold pieces
  3633 | D:4      | Bought a ration for 55 gold pieces
  3633 | D:4      | Bought a ration for 55 gold pieces
  3761 | D:4      | XOM: potion effect (heal wounds)
  3762 | D:4      | XOM: confuse monster(s)
  3797 | D:4      | Reached skill level 5 in Polearms
  3797 | D:4      | Reached skill level 5 in Shields
  3928 | D:4      | XOM: scenery: create altars
  3959 | D:4      | XOM: god gift: ration
  4021 | D:4      | XOM: mild Conj miscast
  4040 | D:4      | Reached skill level 5 in Fighting
  4266 | D:4      | Found a basalt altar of Yredelemnul.
  4355 | D:4      | Reached XP level 7. HP: 61/61 MP: 6/6
  4698 | D:5      | Entered Level 5 of the Dungeon
  4799 | D:5      | Found a white marble altar of Elyvilon.
  4800 | D:5      | XOM: draining
  4889 | D:5      | Found a staircase to the Ecumenical Temple.
  4988 | D:5      | Reached skill level 6 in Polearms
  5138 | D:5      | Found Zavach's Antique Weapon Shoppe.
  5164 | D:5      | XOM: harmless Erth miscast
  5271 | D:5      | XOM is BORED!
  5271 | D:5      | XOM: mild Pois miscast
  5329 | D:5      | Found a shimmering blue altar of Sif Muna.
  5746 | D:5      | XOM: noise
  5897 | Temple   | Entered the Ecumenical Temple
  5919 | Temple   | Fell from the grace of Xom
  5919 | Temple   | Became a worshipper of Ru the Awakened
  6020 | D:6      | Reached skill level 7 in Polearms
  6027 | D:6      | Reached XP level 8. HP: 44/70 MP: 7/7
  6043 | D:6      | Gained mutation: You evolve. [potion of mutation]
  6043 | D:6      | Gained mutation: You have a somewhat thin skeletal
                  | structure. (Dex +2, Stealth) [potion of mutation]
  6043 | D:6      | Gained mutation: Your skin changes colour to match your
                  | surroundings (Stealth+). [potion of mutation]
  6043 | D:6      | Gained mutation: Your mind is acute. (Int +2) [potion of
                  | mutation]
  6143 | D:6      | Gained mutation: Your spells are a little harder to cast,
                  | but a little more powerful. [evolution]
  6150 | D:6      | XOM: 1-stop teleportation journey
  6224 | D:6      | Found an iron altar of Okawaru.
  6402 | D:6      | Noticed Pikel
  6425 | D:6      | Killed Pikel
  6425 | D:6      | Reached skill level 8 in Polearms
  6684 | D:6      | XOM: severe Hex miscast
  6762 | D:6      | XOM: summons 8 hostile demons
  6763 | D:6      | Noticed a hellwing
  6763 | D:6      | Noticed a hellwing
  6770 | D:6      | Slain by a hellwing

Levels and vault maps discovered:
D:1:      dpeg_arrival_rooms_a, layout_loops_ring
D:2:      layout_basic, marbit_many_paths, bloody_makhleb, fedhas_altar_1,
          dk_xom_monty_hall
D:3:      layout_loops_cross, lemuel_coloured_pillars_altar
D:4:      layout_basic, yredelemnul_altar_generic, serial_shops, kennysheep_mini
D:5:      layout_basic, elyvilon_altar_3, led_sif_pool,
          minmay_temple_entry_large_hall, first_ration, serial_shops,
          nicolae_shop_behind_doors
D:6:      wander_river, layout_loops_corners, kennysheep_okawaru_gauntlet,
          uniq_pikel
Temple:   nicolae_temple_hex_pool

Skill      XL: |  1  2  3  4  5  6  7  8 |
---------------+-------------------------+-----
Fighting       | 4 5 6 |  6.4
Polearms       | 3 4 5 7 8 |  8.5
Armour         | 4 5 6 |  6.7
Shields        | 4 5 6 |  6.9
Unarmed Combat | 1 |  1.2
Dodging        | 1 2 |  2.8
Maces & Flails | 3 |  3.3
Stealth        | |  0.9

Action                   |  1- 3 |  4- 6 |  7- 9 || total
-------------------------+-------+-------+-------++-------
Melee: Trident           |    45 |   248 |   201 ||   494
       Headbutt          |     6 |    30 |    52 ||    88
       Unarmed           |       |    10 |       ||    10
  Use: Scroll            |     3 |     4 |     5 ||    12
       Potion            |       |       |     2 ||     2
  Eat: Ration            |     1 |     2 |     3 ||     6
Armor: Scale mail        |    26 |   111 |    66 ||   203
       Skin              |       |     3 |       ||     3
Dodge: Dodged            |    18 |    74 |    67 ||   159
Block: Shield            |    28 |   133 |    98 ||   259
